 Dungeon Crawl Stone Soup version 0.32-a0-468-g38b2580584 (webtiles) character file.

Game seed: 12294452366176024211

4090 Zonian the Trooper (level 10, -3/118 HPs)
             Began as a Coglin Gladiator on Feb 25, 2024.
             Was a Follower of Qazlal.
             Slain by an orc warrior
             ... wielding a +0 halberd
              (16 damage)
             ... in a bailey.
             The game lasted 00:26:26 (9416 turns).

Zonian the Trooper (Coglin Gladiator)               Turns: 9416, Time: 00:26:26

Health: -3/118     AC: 11    Str: 21    XL:     10   Next: 26%
Magic:  12/12      EV: 14    Int:  8    God:    Qazlal [*.....]
Gold:   519        SH:  2    Dex: 15    Spells: 9/9 levels left

rFire   . . .        B - +4 demon trident (elec) {polearm, Clara}
rCold   + . .        m - +0 dagger (venom) {short, Harkiran}
rNeg    . . .        H - +0 ring mail {rPois}
rPois   +            c - +2 helmet
rElec   .            (no cloak)
rCorr   .            P - +2 pair of gloves of Kooffewi {rC+ Str+2}
SInv    .            (no boots)
Will    .....        (no amulet) Stlth
                     (ring unavailable)
HPRegen 0.39/turn    (ring unavailable)
MPRegen 0.13/turn

%: no passive effects
@: berserking, revved, very quick
A: off-hand wielding, slow wielding, warmup strikes, no rings
a: Renounce Religion


You were in a bailey.
You worshipped Qazlal.
Qazlal was aware of your devotion.
You visited 2 branches of the dungeon, and saw 10 of its levels.
You also visited: Sewer and Bailey.

You collected 519 gold pieces.


Innate Abilities, Weirdness & Mutations

You can wield a second weapon in your off-hand.
It takes a long time for you to wield or remove held weapons.
Your first few attacks do less damage.
Your grasper-arms cannot wear rings.


   Skills:
 + Level 7.3 Fighting
 + Level 5.8 Short Blades
 - Level 5.3(6.4) Axes
 + Level 4.8(5.8) Polearms
 - Level 1.7 Throwing
 + Level 7.0 Dodging
 + Level 3.6 Invocations


You had 9 spell levels left.
You didn't know any spells.
Your spell library contained the following spells:

 Spells                   Type           Power      Damage    Failure   Level
 Magic Dart               Conj           0%         1d3       58%         1
 Cigotuvi's Dreadful Rot  Necr/Alch/Air  0%         N/A       73%         2
 Scorch                   Fire           0%         2d5       73%         2
 Searing Ray              Conj           0%         2d4       73%         2
 Fugue of the Fallen      Necr           0%         N/A       91%         3
 Ozocubu's Armour         Ice            0%         N/A       91%         3
 Tukima's Dance           Hex            0%         N/A       91%         3
 Dispel Undead            Necr           0%         3d6       100%        4
 Flame Wave               Conj/Fire      0%         2d4       100%        4
 Fulminant Prism          Conj/Alch      0%         3d5       100%        4
 Ignite Poison            Fire/Alch      0%         N/A       100%        4
 Manifold Assault         Tloc           0%         N/A       100%        4
 Martyr's Knell           Necr/Summ      0%         N/A       100%        4
 Passage of Golubria      Tloc           0%         N/A       100%        4
 Freezing Cloud           Conj/Ice/Air   0%         6-21      100%        5
 Yara's Violent Unravell  Hex/Alch       0%         3d3       100%        5
 Death Channel            Necr           0%         N/A       100%        6
 Summon Cactus Giant      Summ           0%         N/A       100%        6

Inventory:

Hand Weapons
 a - a +0 war axe of chaos {Hidetaka}
 h - a +0 whip of pain {mace, Eunkyung}
   (You found it on level 1 of the Dungeon)
 m - a +0 dagger of venom (offhand) {short, Harkiran}
   (You took it off a kobold on level 1 of the Dungeon)
 B - a +4 demon trident of electrocution (weapon) {polearm, Clara}
   (You found it on level 3 of the Dungeon)
Missiles
 d - 2 throwing nets (quivered) {=f!fthrowing}
 n - a javelin {throwing}
 D - 5 silver javelins {throwing}
Armour
 b - a +0 leather armour
 c - a +2 helmet (worn)
 e - a +2 leather armour of willpower
   (You found it on level 4 of the Dungeon)
 j - a +0 crystal plate armour {rare=g}
   (You found it on level 1 of the Dungeon)
 l - a +0 pair of gloves
   (You found it on level 4 of the Dungeon)
 H - a +0 ring mail of poison resistance (worn)
   (You found it on level 6 of the Dungeon)
 P - the +2 pair of gloves of Kooffewi (worn) {rC+ Str+2}
   (You found it on level 8 of the Dungeon)

   Str+2:     It affects your strength (+2).
   rC+:       It protects you from cold.
Jewellery
 p - an amulet of faith {!P}
   (You found it on level 2 of the Dungeon)
 q - a ring of flight
   (You found it on level 2 of the Dungeon)
 r - the ring "Yclitz" {rN+ Dex+4 Stlth+}
   (You found it on level 2 of the Dungeon)

   [ring of positive energy]

   Dex+4:     It affects your dexterity (+4).
   rN+:       It protects you from negative energy.
   Stlth+:    It makes you more stealthy.
 s - a +5 ring of evasion
   (You found it on level 2 of the Dungeon)
 y - a +5 ring of evasion
   (You found it on level 2 of the Dungeon)
 F - the ring of Eternal Harmony {*Slow rPois rF+ Str+6 Slay+6}
   (You found it on level 3 of the Dungeon)

   [ring of protection from fire]

   Str+6:     It affects your strength (+6).
   Slay+6:    It affects your accuracy & damage with ranged weapons and melee
   (+6).
   rF+:       It protects you from fire.
   rPois:     It protects you from poison *Slow: It may slow you when you take
   damage.
 J - a ring of fire
   (You found it on level 6 of the Dungeon)
Wands
 o - a wand of mindburst (15)
   (You found it on level 6 of the Dungeon)
 v - a wand of light (8)
   (You took it off Ijyb on level 5 of the Dungeon)
 x - a wand of paralysis (12)
   (You found it on level 5 of the Dungeon)
 O - a wand of flame (15)
   (You found it on level 7 of the Dungeon)
Scrolls
 i - 5 scrolls of fear
 k - 2 scrolls of fog
 u - 5 scrolls of teleportation {@r4}
 C - 2 scrolls of enchant armour
 I - 2 scrolls of poison
 L - a scroll of revelation
 M - a scroll of silence {!r}
 N - a scroll of vulnerability {!r!r}
Potions
 f - a potion of heal wounds {@q2}
 g - 2 potions of mutation {!q}
 t - 3 potions of curing {@q1}
 w - a potion of enlightenment
 z - a potion of berserk rage {!q}
 A - 4 potions of magic
 E - 2 potions of cancellation
 G - a potion of might
 K - a potion of ambrosia

Dungeon Overview and Level Annotations

Branches:
Dungeon (9/15) Zot: 26968  Temple (1/1) D:6 Zot: 5792   Sewer (visited)
 Bailey (1/1) Zot: 5773
   Lair: D:8-11         Orc: D:9-12

Altars:
Ashenzari
Cheibriados
Dithmenos
Elyvilon
Fedhas
Gozag
Hepliaklqana
Kikubaaqudgha
Makhleb
Nemelex Xobeh
Okawaru
Qazlal
Ru
Sif Muna
Trog
Uskayaw
Vehumet
Wu Jian
Xom
Yredelemnul
Zin
The Shining One

Shops:
D:1 [   D:2 ?   D:4 [   D:6 ?

Annotations:
D:3 2 transporters, CougarLife's ghost, amateur GrEE
D:4 2 transporters, PriceMaster's ghost, amateur SpAE

.....#...≈≈≈≈.....##
...##.♣.≈≈≈≈..♣....
#..#....≈≈≈≈.......
#ß.#...######......
#..#...............
#..'...............
#)o'...............
#.o#.........).....
#ß@#...######......
#.)#....≈≈≈≈..♣....
.oo.##...≈≈≈≈..♣♣...
.......#...≈≈≈≈.....##
######.$#..≈≈≈≈≈..####
####..≈≈≈≈...#
♣..≈≈≈≈≈..♣#
♣.≈≈≈≈≈..♣ ♣≈≈≈≈≈♣♣♣♣


You could see 3 orc warriors and an orc.


Message History

You reach to attack!
You hit the orc with your +4 demon trident of electrocution.
The orc hits you but does no damage.
You reach to attack!
You hit the orc with your +4 demon trident of electrocution.
Lightning courses through the orc!
You kill the orc!
Qazlal accepts your kill.
You reach to attack!
You hit the orc warrior but do no damage.
The orc warrior hits you from afar with a +0 spear. 😕 HP[-2]
You take 2 damage, and now have 77/79 hp.
You reach to attack!
You puncture the orc warrior with your +4 demon trident of electrocution!
Lightning courses through the orc warrior!
The orc warrior hits you from afar with a +0 spear! 😕 HP[-7]
You take 7 damage, and now have 70/79 hp.
You reach to attack!
You barely miss the orc warrior with your +4 demon trident of electrocution.
Unknown command.
You reach to attack!
You hit the orc warrior but do no damage.
The orc warrior hits you but does no damage.
You reach to attack!
You closely miss the orc warrior with your +4 demon trident of electrocution.
The orc warrior hits you from afar with a +0 spear!
An orc comes into view. It is wielding a +0 halberd. 😕 HP[-8]
You take 8 damage, and now have 62/79 hp.
You reach to attack!
You puncture the orc warrior with your +4 demon trident of electrocution!
You kill the orc warrior!
Qazlal accepts your kill.
You reach to attack!
You hit the orc warrior but do no damage.
The orc warrior hits you from afar with a +0 halberd! 😮 HP[-12]
You take 12 damage, and now have 50/79 hp.
Unknown command.
You are too injured to fight recklessly!
You are too injured to fight recklessly!
You are too injured to fight recklessly!
An orc warrior comes into view. It is wielding a +0 halberd.
The orc warrior shouts!
You hear a shout!
The orc warrior hits you from afar with a +0 halberd!
* * * LOW HITPOINT WARNING * * *
😨 HP[-14]
You take 14 damage, and now have 36/79 hp.
An orc warrior comes into view. It is wielding a +0 glaive.
The orc warrior shouts!
The orc warrior barely misses you. The orc warrior closely misses you.
Things that are here:
a +0 spear {polearm}; a +0 chain mail; 😨 HP[+1]
You puncture the orc warrior with your +4 demon trident of electrocution!
You hit the orc warrior but do no damage.
The orc warrior is poisoned.
Unknown command.
You closely miss the orc warrior with your +0 dagger of venom.
You puncture the orc warrior with your +4 demon trident of electrocution!
You kill the orc warrior!
Qazlal accepts your kill. The orc warrior barely misses you.
Your Dodging skill increases to level 7!
Unknown command.
You hit the orc warrior with your +0 dagger of venom.
The orc warrior is poisoned.
You hit the orc warrior with your +4 demon trident of electrocution.
The orc warrior hits you but does no damage.
The orc warrior hits you from afar with a +0 glaive!
* * * LOW HITPOINT WARNING * * *
😨 HP[-6]
You take 6 damage, and now have 31/79 hp.
You barely miss the orc warrior with your +4 demon trident of electrocution.
You hit the orc warrior but do no damage.
The orc warrior looks as sick as possible!
The orc warrior hits you but does no damage.
The orc barely misses you.
The orc warrior hits you from afar with a +0 glaive!
* * * LOW HITPOINT WARNING * * *
😱 HP[-17]
You take 17 damage, and now have 14/79 hp.
MASSIVE DAMAGE!! (PAUSE)
A red film seems to cover your vision as you go berserk!
You feel yourself moving faster!
You feel mighty! The orc warrior closely misses you.
The orc closely misses you.
The orc warrior hits you from afar with a +0 glaive!
* * * LOW HITPOINT WARNING * * *
😱 HP[-2]
You now have 118 max hp (+39).
Unknown command.
You hit the orc warrior with your +4 demon trident of electrocution.
You hit the orc warrior but do no damage.
The orc warrior looks as sick as possible!
You closely miss the orc warrior with your +4 demon trident of electrocution.
You puncture the orc warrior with your +0 dagger of venom!
The orc warrior looks as sick as possible!
The orc warrior hits you with a +0 halberd!
You die...

Skill      XL: |  1  2  3  4  5  6  7  8  9 10 |
---------------+-------------------------------+-----
Dodging        | 3 4 5 6 7 |  7.0
Fighting       | 3 4 5 7 |  7.3
Axes           | 4 5 |  5.3
Short Blades   | 1 2 3 4 5 |  5.8
Polearms       | 2 4 |  4.8
Invocations    | 1 3 |  3.6
Throwing       | |  1.7

Action                     |  1- 3 |  4- 6 |  7- 9 | 10-12 || total
---------------------------+-------+-------+-------+-------++-------
  Melee: War axe           |    51 |   118 |    89 |       ||   258
         Whip              |    22 |       |       |       ||    22
         Dagger            |    11 |   106 |   213 |    17 ||   347
         Demon trident     |       |       |   200 |    37 ||   237
  Throw: Throwing net      |       |     3 |     1 |       ||     4
         Javelin           |       |     1 |       |       ||     1
  Evoke: Wand              |       |       |     4 |       ||     4
    Use: Scroll            |       |    14 |    11 |     2 ||    27
         Potion            |       |       |     3 |     1 ||     4
   Stab: Sleeping          |     1 |       |     1 |       ||     2
         Held in net/web   |       |       |     3 |       ||     3
 Armour: Leather armour    |    28 |    67 |    54 |       ||   149
         Ring mail         |       |       |    66 |    16 ||    82
  Dodge: Dodged            |    36 |    76 |   111 |    14 ||   237

Levels and vault maps discovered:
D:1:      eino_arrival_cavern_d, layout_basic, serial_shops, shop,
          minmay_misc_feat_iff
D:2:      kb_forest_paths, layout_rooms, basic_altar, serial_shops,
          nicolae_shop_pleasant_corner_grove, st_stairs_4, uniq_natasha,
          uniq_jessica
D:3:      minmay_chambers_of_threes, layout_basic, gammafunk_ghost_arena
D:4:      layout_loops_ring, mainiacjoe_sewer_entry_somewhere_in_here_1,
          gammafunk_ghost_mausoleum, nicolae_shop_dragon_depot, minivault_14,
          minmay_hedge_maze, uniq_edmund
D:5:      layout_loops_ring, uniq_ijyb
D:6:      layout_loops_cross, temple_green, serial_shops, shop,
          grunt_decor_one_mirror
D:7:      layout_gridville, nicolae_dithmenos_shadow_blocks,
          minmay_fractal_squares_5
D:8:      layout_basic, gammafunk_temple_overflow_elements,
          hangedman_decor_opposing, uniq_prince_ribbit1, uniq_psyche
D:9:      layout_gridville, erik_orc_2, enter_bailey_2
Temple:   hellmonk_temple_of_storms
Bailey:   bailey_polearm_elven_captive_hellmonk, bailey

Notes
Turn   | Place    | Note
-------+----------+-------------------------------------------
     0 | D:1      | Zonian the Coglin Gladiator began the quest for the Orb.
     0 | D:1      | Reached XP level 1. HP: 16/16 MP: 1/1
     0 | D:1      | magus.rc [v1.9.6]
    30 | D:1      | Found Putsas's Antique Armour Shop.
    50 | D:1      | HP: 3/16 [gnoll/+0 club (5)]
    54 | D:1      | Reached XP level 2. HP: 3/22 MP: 2/2
   433 | D:1      | Reached skill level 3 in Dodging
   489 | D:1      | Identified a +0 crystal plate armour
   490 | D:1      | j - a +0 crystal plate armour {rare=g}
   600 | D:1      | Reached XP level 3. HP: 28/28 MP: 3/3
  1232 | D:2      | Found a radiant altar of Vehumet.
  1255 | D:2      | Identified the ring "Yclitz" {rN+ Dex+4 Stlth+}
  1317 | D:2      | Noticed Natasha
  1325 | D:1      | Killed Natasha
  1326 | D:1      | Reached skill level 3 in Fighting
  1326 | D:1      | Reached XP level 4. HP: 25/35 MP: 4/4
  1489 | D:1      | Noticed Natasha
  1496 | D:1      | Killed Natasha
  1826 | D:2      | Noticed Jessica
  1829 | D:2      | Killed Jessica
  1830 | D:2      | Reached skill level 4 in Axes
  1830 | D:2      | Reached XP level 5. HP: 41/41 MP: 5/5
  2242 | D:2      | Found Ziofet's Magic Scroll Shoppe.
  2483 | D:3      | Reached skill level 1 in Short Blades
  2605 | D:3      | Found a transporter.
  2614 | D:3      | Identified the ring of Eternal Harmony {*Slow rPois rF+
                  | Str+6 Slay+6}
  2619 | D:3      | Found a transporter.
  2619 | D:3      | Noticed CougarLife's ghost (amateur GrEE)
  3498 | D:4      | Reached skill level 4 in Dodging
  3498 | D:4      | Reached XP level 6. HP: 36/48 MP: 6/6
  3619 | D:4      | You pick up a book of Conjurations {@e2} and begin
                  | reading...
  3619 | D:4      | You add the spells Magic Dart, Searing Ray and Fulminant
                  | Prism to your library.
  3694 | D:4      | Reached skill level 4 in Fighting
  3753 | D:4      | Noticed Edmund
  3766 | D:4      | Killed Edmund
  3767 | D:4      | Reached skill level 2 in Short Blades
  3767 | D:4      | Reached XP level 7. HP: 39/54 MP: 7/7
  3875 | D:4      | Reached skill level 5 in Axes
  3981 | D:4      | Found Teodosio's Dragon-Slaying Spoils.
  4120 | D:4      | Found a glowing drain.
  4123 | Sewer    | Entered a sewer
  4261 | D:4      | You pick up a book of Battle and begin reading...
  4261 | D:4      | You add the spells Fugue of the Fallen, Ozocubu's Armour
                  | and Manifold Assault to your library.
  4294 | D:4      | Found a transporter.
  4295 | D:4      | Noticed PriceMaster's ghost (amateur SpAE)
  4297 | D:4      | Found a transporter.
  4743 | D:5      | Entered Level 5 of the Dungeon
  4746 | D:5      | Reached skill level 3 in Short Blades
  4746 | D:5      | Reached XP level 8. HP: 61/61 MP: 8/8
  4815 | D:5      | Noticed Ijyb
  4821 | D:5      | Killed Ijyb
  4822 | D:5      | Reached skill level 5 in Fighting
  4822 | D:5      | Reached skill level 5 in Dodging
  4826 | D:5      | Reached skill level 1 in Polearms
  5067 | D:5      | You pick up a book of Scorching and begin reading...
  5067 | D:5      | You add the spells Scorch, Flame Wave and Summon Cactus
                  | Giant to your library.
  5479 | D:5      | You add the spells Cigotuvi's Dreadful Rot, Ignite Poison
                  | and Freezing Cloud to your library.
  5679 | D:6      | Reached skill level 2 in Polearms
  5723 | D:6      | Found Tetasij's Magic Scroll Boutique.
  5851 | D:6      | Found a staircase to the Ecumenical Temple.
  5967 | Temple   | Entered the Ecumenical Temple
  6159 | Temple   | Became a worshipper of Qazlal Stormbringer
  6190 | D:6      | Reached skill level 4 in Short Blades
  6613 | D:7      | Found a shadowy altar of Dithmenos.
  6617 | D:7      | Noticed a wyvern
  6642 | D:7      | Killed a wyvern
  6643 | D:7      | Reached skill level 1 in Invocations
  6643 | D:7      | Reached XP level 9. HP: 69/69 MP: 9/9
  6675 | D:7      | Reached skill level 6 in Fighting
  6675 | D:7      | Reached skill level 3 in Polearms
  6787 | D:7      | You add the spells Tukima's Dance, Passage of Golubria and
                  | Yara's Violent Unravelling to your library.
  6888 | D:7      | Reached skill level 6 in Dodging
  6953 | D:7      | Reached skill level 2 in Invocations
  7109 | D:7      | HP: 11/66 [wight/+3 falchion (9)]
  7646 | D:7      | Reached skill level 5 in Short Blades
  7914 | D:8      | Noticed Prince Ribbit
  7918 | D:8      | Killed Prince Ribbit
  8000 | D:8      | Reached skill level 4 in Polearms
  8081 | D:8      | Identified the +2 pair of gloves of Kooffewi {rC+ Str+2}
  8131 | D:8      | Reached * piety under Qazlal
  8166 | D:8      | Reached skill level 3 in Invocations
  8615 | D:8      | Noticed Psyche
  8618 | D:8      | Killed Psyche
  8619 | D:8      | Reached skill level 7 in Fighting
  8619 | D:8      | Reached XP level 10. HP: 46/79 MP: 12/12
  8825 | D:8      | Found a broken altar of Ashenzari.
  8825 | D:8      | Found a snail-covered altar of Cheibriados.
  9085 | D:8      | You pick up a book of Decay and begin reading...
  9085 | D:8      | You add the spells Dispel Undead, Martyr's Knell and Death
                  | Channel to your library.
  9174 | D:9      | Found a flagged portal.
  9185 | D:9      | Noticed a two-headed ogre
  9187 | Bailey   | Entered a bailey
  9412 | Bailey   | Reached skill level 7 in Dodging
  9413 | Bailey   | HP: 14/79 [orc warrior/+0 glaive (17)]
  9416 | Bailey   | Slain by an orc warrior

Vanquished Creatures
  Psyche (D:8)
  A hornet (D:9)
  Prince Ribbit (D:8)
  A wyvern (D:7)
  Edmund (D:4)
  A water moccasin (D:8)
  A sky beast (D:7)
  An ice beast (D:7)
  4 orc warriors
  An ogre (D:4)
  A centaur (D:7)
  3 phantoms
  2 kobold brigands (D:7)
  4 scorpions
  2 bullfrogs
  9 wights
  4 bombardier beetles
  2 hounds
  4 orc priests
  4 sleepcaps
  2 jellies
  Jessica (D:2)
  Ijyb (D:5)
  Natasha (twice) (D:1)
  3 iguanas
  5 orc wizards (D:8)
  A hell rat (Sewer)
  4 gnolls
  11 adders
  4 river rats (Sewer)
  A shadow imp (D:6)
  4 ufetubi
  A dart slug (D:4)
  4 ribbon worms
  20 orcs
  11 bats
  2 endoplasms
  3 giant cockroaches
  10 goblins
  7 hobgoblins
  19 jackals
  7 quokkas
  4 ball pythons
  4 frilled lizards
  13 kobolds
  20 rats
212 creatures vanquished.

Vanquished Creatures (others)
  An orc (D:5)
1 creature vanquished.

Grand Total: 213 creatures vanquished

Table legend:
 A = Non-vault XP
 B = Vault XP
 C = Vault XP percentage of total XP
 D = Non-vault monster count
 E = Vault monster count
 F = Vault count percentage of total count
                 A         B        C        D         E       F
            +---------+---------+-------+---------+---------+-------
      Total |    3943 |    1901 |  32.5 |     157 |      55 |  25.9
            +---------+---------+-------+---------+---------+-------
        D:1 |      84 |      36 |  30.0 |      23 |       1 |   4.2
        D:2 |      42 |      77 |  64.7 |      15 |       9 |  37.5
        D:3 |      34 |      31 |  47.7 |      13 |      12 |  48.0
        D:4 |     537 |     187 |  25.8 |      26 |       7 |  21.2
        D:5 |     551 |      36 |   6.1 |      22 |       1 |   4.3
        D:6 |     362 |       0 |   0.0 |      10 |       0 |   0.0
        D:7 |    1213 |     433 |  26.3 |      22 |       5 |  18.5
        D:8 |     828 |     610 |  42.4 |      25 |       2 |   7.4
        D:9 |     292 |       0 |   0.0 |       1 |       0 |   0.0
      Sewer |       0 |      95 | 100.0 |       0 |      14 | 100.0
     Bailey |       0 |     396 | 100.0 |       0 |       4 | 100.0
            +---------+---------+-------+---------+---------+-------

Skill      XL: |  1  2  3  4  5  6  7  8  9 10 |
---------------+-------------------------------+-----
Dodging        | 3 4 5 6 7 |  7.0
Fighting       | 3 4 5 7 |  7.3
Axes           | 4 5 |  5.3
Short Blades   | 1 2 3 4 5 |  5.8
Polearms       | 2 4 |  4.8
Invocations    | 1 3 |  3.6
Throwing       | |  1.7

Action                     |  1- 3 |  4- 6 |  7- 9 | 10-12 || total
---------------------------+-------+-------+-------+-------++-------
  Melee: War axe           |    51 |   118 |    89 |       ||   258
         Whip              |    22 |       |       |       ||    22
         Dagger            |    11 |   106 |   213 |    17 ||   347
         Demon trident     |       |       |   200 |    37 ||   237
  Throw: Throwing net      |       |     3 |     1 |       ||     4
         Javelin           |       |     1 |       |       ||     1
  Evoke: Wand              |       |       |     4 |       ||     4
    Use: Scroll            |       |    14 |    11 |     2 ||    27
         Potion            |       |       |     3 |     1 ||     4
   Stab: Sleeping          |     1 |       |     1 |       ||     2
         Held in net/web   |       |       |     3 |       ||     3
 Armour: Leather armour    |    28 |    67 |    54 |       ||   149
         Ring mail         |       |       |    66 |    16 ||    82
  Dodge: Dodged            |    36 |    76 |   111 |    14 ||   237

Illustrated notes

Table legend:
 A = Kills in this place as a percentage of kills in the entire game.
 B = Kills by you in this place as a percentage of kills by you in the entire game.
 C = Kills by friends in this place as a percentage of kills by friends in the entire game.
 D = Other kills in this place as a percentage of other kills in the entire game.
 E = Experience gained in this place as a percentage of experience gained in the entire game.
 F = Experience gained in this place divided by the number of levels of this place that you have seen.
                   A       B       C       D       E      F
               +-------+-------+-------+-------+-------+----------------------
         Total | 100.0 | 100.0 |   N/A |   N/A | 100.0 | 487.0
       Dungeon |  91.5 |  91.5 |   N/A |   N/A |  91.6 | 594.8
         Sewer |   6.6 |   6.6 |   N/A |   N/A |   1.6 |  95.0
        Bailey |   1.9 |   1.9 |   N/A |   N/A |   6.8 | 396.0
               +-------+-------+-------+-------+-------+----------------------

Table legend: (Time is in decaauts)
 A = Elapsed time spent in this place.
 B = Non-inter-level travel time spent in this place.
 C = Inter-level travel time spent in this place.
 D = Time resting spent in this place.
 E = Time spent auto-exploring this place.
 F = Levels seen in this place.
 G = Mean time per level.
                   A        B        C        D        E       F      G
               +--------+--------+--------+--------+--------+-----+--------+
         Total |   9477 |   9256 |    221 |   2077 |   5305 |  12 |  789.8 |
       Dungeon |   8898 |   8691 |    207 |   1940 |   5233 |   9 |  988.7 |
        Temple |    207 |    193 |     14 |      0 |      0 |   1 |  207.0 |
         Sewer |    145 |    145 |      0 |      0 |     71 |   1 |  145.0 |
        Bailey |    225 |    225 |      0 |    137 |      0 |   1 |  225.0 |
               +--------+--------+--------+--------+--------+-----+--------+

Top non-repeatable levels by time:
     D:1: 1572 daAuts
     D:7: 1315 daAuts
     D:4: 1278 daAuts
     D:8: 1240 daAuts
     D:3: 1026 daAuts
     D:5: 870 daAuts
     D:2: 809 daAuts
     D:6: 753 daAuts
  Bailey: 225 daAuts
  Temple: 207 daAuts
   Sewer: 145 daAuts
     D:9: 32 daAuts
